 Dungeon Crawl Stone Soup version 0.29.1-12-g30fa7ad0bf (webtiles) character file.

Game seed: 16239166038090538385

97 fleeber the Digger (level 4, -5/24 HPs)
             Began as a Gargoyle Earth Elementalist on Dec 20, 2022.
             Slain by a gnoll
             ... wielding a +0 halberd
              (6 damage)
             ... on level 2 of the Dungeon.
             The game lasted 00:04:38 (1862 turns).

fleeber the Digger (Gargoyle Earth Elementalist)    Turns: 1862, Time: 00:04:39

Health: -5/24      AC:  6    Str: 12    XL:     4   Next: 68%
Magic:  4/8        EV: 11    Int: 17    God:
Gold:   62         SH:  0    Dex: 10    Spells: 7/8 levels left

rFire   . . .      SeeInvis .   n - +2 whip (flame)
rCold   . . .      Faith    .   (no shield)
rNeg    + . .      Spirit   .   a - +0 robe
rPois   ∞          Reflect  .   (no helmet)
rElec   +          Harm     .   k - +0 cloak
rCorr   .          Rampage  .   (no gloves)
Will    .....                   (no boots)
Stlth   ++........              (no amulet)
HPRegen 0.08/turn               (no ring)
MPRegen 0.11/turn               (no ring)

@: no status effects
A: sickness immunity, AC +3, negative energy resistance 1, electricity
resistance, torment resistance 1, petrification resistance
a: no special abilities


You were on level 2 of the Dungeon.
You visited 1 branch of the dungeon, and saw 2 of its levels.

You collected 62 gold pieces.

Inventory:

Hand Weapons
 n - a +2 whip of flaming (weapon)
Missiles
 e - 28 stones (quivered)
Armour
 a - a +0 robe (worn)
 k - a +0 cloak (worn)
Jewellery
 l - an amulet of the acrobat
Scrolls
 c - 4 scrolls of fear {unknown}
 g - 3 scrolls of identify {unknown}
 h - a scroll of noise {unknown}
 o - a scroll of teleportation {unknown}
Potions
 b - a potion of magic
 d - a potion of cancellation {unknown}
 f - 3 potions of curing {unknown}
 i - 3 potions of berserk rage {unknown}
 j - 2 potions of brilliance {unknown}
 m - a potion of ambrosia {unknown}


   Skills:
 - Level 1.5 Dodging
 - Level 2.1 Stealth
 + Level 2.9 Spellcasting
 + Level 2.5 Conjurations
 - Level 0.7 Transmutations
 + Level 4.7 Earth Magic


You had 7 spell levels left.
You knew the following spells:

 Your Spells              Type           Power      Damage    Failure   Level
a - Sandblast             Erth           36%        2d10      2%          1

Your spell library contained the following spells:

 Spells                   Type           Power      Damage    Failure   Level
 Passwall                 Tmut/Erth      9%         N/A       9%          2
 Stone Arrow              Conj/Erth      28%        3d8       12%         3
 Tukima's Dance           Hex            2%         N/A       47%         3
 Petrify                  Tmut/Erth      11%        N/A       50%         4
 Passage of Golubria      Tloc           2%         N/A       87%         4
 Yara's Violent Unravell  Hex/Tmut       1%         3d3       99%         5


Dungeon Overview and Level Annotations

Branches:
Dungeon (2/15)

Altars:


Innate Abilities, Weirdness & Mutations

You are immune to sickness and miasma.
Your stone body is resilient. (AC +3)
You are immune to poison.
You resist negative energy. (rN+)
You are resistant to electric shocks. (rElec)
You are resistant to unholy torment.
You are immune to petrification.


Message History

A goblin is nearby!
The goblin shouts!
Aiming: Sandblast (safe; 2% risk of failure)
Press: ? - help, Shift-Dir - straight line, f - goblin
Aim: a goblin, wielding a +0 dagger (77% to hit)
The blast of sand hits the goblin!
You kill the goblin!
You see here a +0 dagger.
A goblin comes into view. It is wielding a +0 club.
You can't see any susceptible monsters within range! (Use Z to cast anyway.)
The goblin shouts!
Aiming: Sandblast (safe; 2% risk of failure)
Press: ? - help, Shift-Dir - straight line, f - goblin
Aim: a goblin, wielding a +0 club (77% to hit)
The blast of sand hits the goblin!
You kill the goblin!
The gnoll shouts!
Aiming: Sandblast (safe; 2% risk of failure)
Press: ? - help, Shift-Dir - straight line, f - gnoll
Aim: a gnoll, wielding a +0 halberd and wearing a +0 plate armour (91% to hit)
The blast of sand hits the gnoll but does no damage.
Aiming: Sandblast (safe; 2% risk of failure)
Press: ? - help, Shift-Dir - straight line, f/p - gnoll
Aim: a gnoll, wielding a +0 halberd and wearing a +0 plate armour (91% to hit)
The blast of sand hits the gnoll but does no damage.
The gnoll misses you. The gnoll closely misses you.
The gnoll hits you with a +0 halberd!
Aiming: Sandblast (safe; 2% risk of failure)
Press: ? - help, Shift-Dir - straight line, f/p - gnoll
Aim: a gnoll, wielding a +0 halberd and wearing a +0 plate armour (91% to hit)
The blast of sand hits the gnoll but does no damage.
The gnoll hits you with a +0 halberd!
Aiming: Sandblast (safe; 2% risk of failure)
Press: ? - help, Shift-Dir - straight line, f/p - gnoll
Aim: a gnoll, wielding a +0 halberd and wearing a +0 plate armour (91% to hit)
The blast of sand hits the gnoll but does no damage.
The gnoll hits you with a +0 halberd!
* * * LOW HITPOINT WARNING * * *
The gnoll hits you with a +0 halberd.
You die...

#####...........#
......#########.# ####..#
#.# ..>...# #.# ..##.##
#.# #.##.####### #.#
............ #.#########
.....######.###..........
...#...........g@..#####
#.#########....#...# #.#
####.....# #.# #.#....#
#.# #.#)....# ... #.#
#.#....... ... ..#
#....#..# ... ###
....###.# #.# ##.#


You could see a gnoll.

Vanquished Creatures
  Terence (D:2)
  Robin (D:2)
  2 gnolls (D:2)
  3 ball pythons
  2 endoplasms (D:1)
  3 giant cockroaches (D:2)
  10 goblins
  3 hobgoblins
  3 kobolds
  A quokka (D:1)
  5 bats
  2 frilled lizards (D:1)
  2 rats (D:1)
38 creatures vanquished.

Notes
Turn   | Place    | Note
-------+----------+-------------------------------------------
     0 | D:1      | fleeber the Gargoyle Earth Elementalist began the quest for
                  | the Orb.
     0 | D:1      | Reached XP level 1. HP: 10/10 MP: 3/3
   344 | D:1      | Reached XP level 2. HP: 15/15 MP: 1/5
   518 | D:1      | Reached skill level 1 in Conjurations
   540 | D:1      | Found a faded altar of an unknown god.
   617 | D:1      | Reached skill level 4 in Earth Magic
  1026 | D:2      | Reached XP level 3. HP: 19/19 MP: 4/6
  1259 | D:2      | Noticed Robin
  1265 | D:2      | Killed Robin
  1266 | D:2      | Reached XP level 4. HP: 14/24 MP: 1/8
  1588 | D:2      | Noticed Terence
  1597 | D:2      | Killed Terence
  1862 | D:2      | HP: 1/24 [gnoll/+0 halberd (9)]
  1862 | D:2      | Slain by a gnoll

Illustrated notes

Levels and vault maps discovered:
D:1:      mrwooster_arrival_statue, layout_rooms,
          hellmonk_ecumenical_altar_arch_garden
D:2:      layout_loops_ring, uniq_terence, uniq_robin

Skill      XL: |  1  2  3 |
---------------+----------+-----
Conjurations   | 1 2 |  2.5
Earth Magic    | 4 |  4.7
Dodging        | |  1.5
Stealth        | |  2.1
Spellcasting   | |  2.9
Transmutations | |  0.7

Action                   |  1- 3 |  4- 6 || total
-------------------------+-------+-------++-------
Melee: Club              |     2 |       ||     2
       Mace              |     4 |       ||     4
       Whip              |     1 |     4 ||     5
Throw: Stone             |     1 |       ||     1
 Cast: Sandblast         |    44 |    19 ||    63
Armor: Robe              |     6 |     4 ||    10
Dodge: Dodged            |    15 |     8 ||    23
